 Dungeon Crawl Stone Soup version 0.17-a0-1011-gfa70bdd (webtiles) character file.

1627982 namelastname112 the Phalangite (level 27, 214/266 HPs)
             Began as a Grey Draconian Enchanter on May 13, 2015.
             Was an Initiate of Gozag.
             Escaped with the Orb
             ... and 3 runes!
             The game lasted 04:33:15 (86505 turns).

namelastname112 the Phalangite (DrEn)              Turns: 86505, Time: 04:33:16

Health: 214/266    AC: 30    Str: 26    XL:     27
Magic:  48/48      EV: 34    Int: 31    God:    Gozag
Gold:   3970       SH: 28    Dex: 23    Spells: 9 memorised, 13 levels left

rFire  + . .     SeeInvis .     h - +18 lance "Wyrmbane" {slay drac, +Rage rPois rF+ AC+5}
rCold  + . .     Clarity  .     (armour unavailable)
rNeg   + . .     SustAb   .     S - +2 large shield
rPois  +         Gourm    .     u - +0 hat of Eternal Night {MP-9 Str+8 Int+3 Slay+3} (curse)
rElec  +         Spirit   .     a - +2 cloak "Pozuox" {rElec Int+4 Dex+2}
rCorr  .         Warding  .     T - +0 pair of gloves of the Harp {rPois Regen+ MP+9} (curse)
rMut   +         Stasis   .     v - +2 pair of boots of the Hidden Gods {MP+9 Dex+5}
MR     ++...                    Q - amulet "Leacvil" {rMut MP+9 Int+3 Slay+3}
Stlth  ++........               R - ring "Naruigi" {rElec rPois rN+ Dex-3 Slay+3}
                                b - ring "Ocokhlof" {+Inv rC+ Str+5 Int+2}

@: studying Necromancy, very resistant to hostile enchantments, unstealthy
A: walk through water, unfitting armour, talons 1, low mp 1, unbreathing,
cold-blooded, AC +18
a: Potion Petition, Call Merchant, Bribe Branch, Renounce Religion, Evoke
Berserk Rage, Evoke Invisibility
0: Orb of Zot
}: 3/15 runes: decaying, serpentine, silver


You escaped.
You worshipped Gozag.
Gozag was noncommittal.
You were not hungry.

You visited 11 branches of the dungeon, and saw 57 of its levels.
You also visited: Labyrinth, Ice Cave and Volcano.

You collected 38071 gold pieces.
You spent 6179 gold pieces at shops.
You paid 27922 gold pieces to Gozag.

Inventory:

Hand weapons
 h - the +18 lance "Wyrmbane" (weapon) {slay drac, +Rage rPois rF+ AC+5}
   (You bought it in a shop on level 10 of the Dungeon)

   It affects your AC (+5).
   It protects you from fire.
   It protects you from poison.
   It lets you go berserk.
Armour
 a - the +2 cloak "Pozuox" (worn) {rElec Int+4 Dex+2}
   (You bought it in a shop on level 5 of the Depths)

   It affects your intelligence (+4).
   It affects your dexterity (+2).
   It insulates you from electricity.
 u - the cursed +0 hat of Eternal Night (worn) {MP-9 Str+8 Int+3 Slay+3}
   (You bought it in a shop on level 14 of the Dungeon)

   It affects your strength (+8).
   It affects your intelligence (+3).
   It affects your accuracy and damage with ranged weapons and melee attacks
   (+3).
   It affects your magic capacity (-9).
   It has a curse placed upon it.
 v - the +2 pair of boots of the Hidden Gods (worn) {MP+9 Dex+5}
   (You found it on level 1 of the Crypt)

   It affects your dexterity (+5).
   It affects your magic capacity (+9).
 S - a +2 large shield (worn)
 T - the cursed +0 pair of gloves of the Harp (worn) {rPois Regen+ MP+9}
   (You found it on level 5 of the Vaults)

   It protects you from poison.
   It affects your magic capacity (+9).
   It increases your rate of regeneration.
   It has a curse placed upon it.
Rods
 k - a +0 rod of destruction (12/12)
   (You took it off a vampire on level 3 of the Crypt)
 y - a +8 rod of ignition (11/11)
   (You took it off a minotaur in a labyrinth)
Jewellery
 b - the ring "Ocokhlof" (left hand) {+Inv rC+ Str+5 Int+2}
   (You took it off a balrug on level 3 of the Depths)

   [ring of strength]

   It affects your strength (+5).
   It affects your intelligence (+2).
   It protects you from cold.
   It lets you turn invisible.
 j - the ring "Weclidism" {rN+ MR+}
   (You bought it in a shop on level 4 of the Vaults)

   [ring of positive energy]

   It protects you from negative energy.
   It affects your resistance to hostile enchantments.
 l - an uncursed amulet of resist mutation
 m - the ring "Tuetiv" {SustAb Int+6}
   (You took it off a deep elf death mage on level 3 of the Elven Halls)

   [ring of sustain abilities]

   It sustains your strength, intelligence and dexterity.
   It affects your intelligence (+6).
 K - the ring of Topuh {SustAb rC+ MR- Int+4 SInv}
   (You took it off a deep elf death mage on level 3 of the Elven Halls)

   [ring of sustain abilities]

   It sustains your strength, intelligence and dexterity.
   It affects your intelligence (+4).
   It protects you from cold.
   It affects your resistance to hostile enchantments.
   It enhances your eyesight.
 Q - the amulet "Leacvil" (around neck) {rMut MP+9 Int+3 Slay+3}
   (You took it off an orc knight on level 5 of the Vaults)

   [amulet of resist mutation]

   It protects you from mutation.
   It affects your intelligence (+3).
   It affects your accuracy and damage with ranged weapons and melee attacks
   (+3).
   It affects your magic capacity (+9).
 R - the ring "Naruigi" (right hand) {rElec rPois rN+ Dex-3 Slay+3}
   (You took it off a vampire on level 3 of the Crypt)

   [ring of positive energy]

   It affects your dexterity (-3).
   It affects your accuracy and damage with ranged weapons and melee attacks
   (+3).
   It insulates you from electricity.
   It protects you from poison.
   It protects you from negative energy.
 X - the ring of Utzodirr {+Fly rN+ Str+4}
   (You found it on level 3 of the Crypt)

   [ring of positive energy]

   It affects your strength (+4).
   It protects you from negative energy.
   It lets you fly.
Magical devices
 d - a wand of digging (9)
 e - a wand of disintegration (1)
 w - a wand of teleportation (1)
 G - a wand of teleportation (5)
 L - a wand of hasting (3)
 O - a wand of hasting (0)
Scrolls
 g - 20 scrolls of remove curse
 i - 2 scrolls of summoning
 p - 6 scrolls of recharging
 q - a scroll of brand weapon
 z - 8 scrolls of teleportation
 C - 4 scrolls of holy word
 D - 6 scrolls of enchant armour
 J - 3 scrolls of enchant weapon
 M - 7 scrolls of fog
 P - a scroll of blinking
 U - 9 scrolls of fear
 V - 3 scrolls of magic mapping
 Y - 8 scrolls of identify
Potions
 o - a potion of magic
 r - 4 potions of resistance
 s - 3 potions of agility
 t - 2 potions of cancellation
 B - 15 potions of curing
 E - 3 potions of haste
 F - 4 potions of invisibility
 H - 6 potions of might
 I - 4 potions of berserk rage
 N - 10 potions of brilliance
 W - a potion of cure mutation
Books
 n - a manual of Necromancy
 x - a book of the Dragon

   Spells                             Type                      Level
   a - Flight                         Charms/Air                   3
   b - Cause Fear                     Hexes                        4
   c - Bolt of Fire                   Conjuration/Fire             6
   d - Dragon Form                    Transmutation                7
   e - Dragon's Call                  Summoning                    9
Comestibles
 c - 15 bread rations
 f - 4 meat rations
 A - 19 fruits


   Skills:
 + Level 25.1 Fighting
   Level 7.3 Short Blades
 + Level 25.5 Polearms
 + Level 22.6 Dodging
 - Level 7.9 Stealth
 + Level 22.4 Shields
 - Level 6.9 Spellcasting
 - Level 9.2 Hexes


You had 13 spell levels left.
You knew the following spells:

 Your Spells              Type           Power        Failure   Level  Hunger
a - Corona                Hex            ######.      1%          1    None
b - Tukima's Dance        Hex            ######..     1%          3    None
c - Dazzling Spray        Conj/Hex       #####...     3%          3    None
d - Apportation           Tloc           ##........   8%          1    None
e - Lee's Rapid Deconstr  Erth           ##........   99%         5    ####...
f - Stoneskin             Trmt/Erth      ##......     12%         2    None
g - Statue Form           Trmt/Erth      ##.......    100%        6    ######.
x - Confuse               Hex            ######..     1%          3    None
z - Ensorcelled Hibernat  Hex/Ice        #####.       1%          2    None


Dungeon Overview and Level Annotations

Branches:
Dungeon (15/15)            Temple (1/1) D:5            Lair (8/8) D:9
  Swamp (4/4) Lair:6        Snake (4/4) Lair:6        Slime (0/6) Lair:6
    Orc (4/4) D:11            Elf (3/3) Orc:4        Vaults (5/5) D:14
  Crypt (3/3) Vaults:2       Tomb (0/3) Crypt:3      Depths (5/5) D:15
    Zot (5/5) Depths:5

Altars:
Ashenzari
Cheibriados
Dithmenos
Elyvilon
Fedhas
Gozag
Kikubaaqudgha
Makhleb
Nemelex Xobeh
Okawaru
Qazlal
Ru
Sif Muna
Trog
Vehumet
Xom
Yredelemnul
Zin
The Shining One
Beogh

Shops:
D:8 *   D:10 (   D:13 *   D:14 [[   D:15 [:%?[   Orc:4 [%:*   Elf:2 *
Vaults:1 =}   Vaults:2 *[   Vaults:3 *   Vaults:4 *   Crypt:1 *   Zot:1 *
Depths:1 [   Depths:2 [   Depths:3 [[   Depths:4 *   Depths:5 [[

Portals:
Hell: Depths:1 Depths:2 Depths:3 Depths:4 Depths:5
Abyss: Depths:1 Depths:2 Depths:3 Depths:4
Pandemonium: Orc:4 Depths:3
Ziggurat: Depths:3

Annotations:
Orc:1 exclusion: oklob plant
Elf:2 5 runed doors
Zot:2 exclusion: upstairs


Innate Abilities, Weirdness & Mutations

You can walk through water.
Your dull iron-grey scales are very hard (AC +18).
Your body does not fit into most forms of armour.
You can survive without breathing.
You are cold-blooded and may be slowed by cold attacks.
You have sharp toenails.
Your magical capacity is low (-10% MP).


Message History

A white imp comes into view.
There is a stone staircase leading down here.
Unknown command.
The white imp gestures at you. You block the puff of frost.
You impale the white imp!!
You kill the white imp!
A ynoxinul comes into view.
You puncture the ynoxinul! You tail-slap the ynoxinul!
The ynoxinul is severely wounded.
You block the ynoxinul's attack.
You impale the ynoxinul!!
You kill the ynoxinul!
No target in view!
No target in view!
No target in view!
You now have 3970 gold pieces (gained 8).
There is an open door here.
There is a staircase leading out of the dungeon here.
You have escaped!

###############
#.#.#.#.#.#÷#.#
#'#'#'#'#'#'#'#
####.#.#.#.#.#.#.####
#.'.......@.......'.#
####.#.#.#.#.#.#.####
#'#'#'#'#†#†#'#
#.#.#.#.#.#.#.#
#######.####### ###
#.# ##.. #.# #... #.#
#...
#.#############...


There were no monsters in sight!

Vanquished Creatures
  8 orbs of fire (Zot:5)
  Mennas (Crypt:3)
  6 ancient liches
  Boris (Crypt:1)
  Margery (Depths:5)
  Vashnia (Snake:3)
  2 curse toes
  A caustic shrike (Depths:3)
  3 Killer Klowns (Zot:5)
  6 golden dragons
  the Enchantress (Depths:4)
  Xtahua (Vaults:3)
  2 profane servitors
  2 bone dragons
  3 electric golems
  A hellephant (D:4)
  20 tentacled monstrosities
  28 Orb Guardians
  Asterion (Snake:4)
  7 liches
  An Ice Fiend (IceCv)
  4 titans
  3 deep elf blademasters (Elf:3)
  5 deep elf master archers (Elf:3)
  An octopode crusher (Depths:3)
  3 quicksilver dragons
  The ghost of nubinia the Sorcerer, a mighty DEEn of Sif Muna (Crypt:2)
  8 ancient champions
  An Executioner (Depths:5)
  5 sphinxes
  Agnes (D:15)
  9 shadow dragons
  Frances (Elf:1)
  2 thorn hunters
  8 tengu reavers
  4 draconian monks
  17 storm dragons
  2 revenants
  3 fire giants
  The ghost of JetFlynn the Severer, a powerful DDFi of Makhleb (Snake:3)
  3 ghost moths
  Donald (Crypt:1)
  7 frost giants
  6 draconian knights
  17 vault wardens
  2 draconian scorchers
  7 deep elf sorcerers
  Aizul (Snake:2)
  4 iron dragons
  Louise (D:14)
  8 greater nagas
  A warmonger (Depths:5)
  2 orc warlords
  8 draconian zealots
  2 curse skulls
  A balrug (Depths:3)
  6 draconian annihilators
  A cacodemon (Depths:4)
  9 ghouls
  2 draconian shifters
  4 spriggan defenders
  2 reapers
  17 ironheart preservers
  A caustic shrike skeleton (Crypt:1)
  14 green draconians
  16 stone giants
  5 war gargoyles (Vaults:5)
  10 vampire knights
  9 draconian callers
  11 very ugly things
  The ghost of Raurakos the Brawler, a powerful VSMo of Makhleb (Orc:4)
  4 deep elf demonologists
  9 black draconians
  A lorocyproca (Depths:5)
  12 yellow draconians
  7 dire elephants
  11 purple draconians
  8 deep elf annihilators
  3 white draconians
  6 mottled draconians
  10 red draconians
  Snorg (Orc:2)
  21 ettins
  12 deep elf death magi
  5 eidola
  15 jiangshi
  5 deep elf high priests
  36 vault guards
  11 fire dragons
  A minotaur (Lab)
  23 yaktaur captains
  2 rakshasas
  7 great orbs of eyes
  4 entropy weavers
  Fannar (D:11)
  3 spriggan air magi (Depths:2)
  9 death cobs
  2 ghost crabs (shapeshifter)
  18 hydras
  15 centaur warriors
  2 monstrous demonspawn (Depths:5)
  2 catoblepae
  17 naga warriors
  13 ice dragons
  4 ghost crabs
  A death knight (Crypt:1)
  10 ogre magi
  6 dancing weapons
  2 salamander stormcallers
  18 anacondas
  13 alligators
  9 deep troll shamans
  19 death yaks
  4 deep troll earth magi
  3 tengu warriors
  7 shock serpents
  13 vampire magi
  11 spriggan berserkers
  5 hell knights (Depths:5)
  18 naga sharpshooters
  7 orc high priests
  Nergalle (D:10)
  A titan skeleton (Depths:2)
  33 skeletal warriors
  16 deep elf knights
  2 unseen horrors
  7 salamander mystics
  A fire crab (Depths:3)
  2 sun demons (Orc:4)
  A death drake (shapeshifter) (Vaults:5)
  6 ice devils
  5 shadow wraiths
  2 storm dragon skeletons
  A golden dragon zombie (Depths:2)
  4 iron trolls (Depths:4)
  8 sea snakes (Snake:4)
  2 soul eaters
  10 swamp dragons
  3 spriggan druids
  3 flayed ghosts
  4 giant orange brains
  23 deep trolls
  A death drake (Zot:4)
  12 mana vipers
  13 phantasmal warriors
  9 deep elf summoners
  2 gelid demonspawn
  3 naga ritualists
  4 ice statues
  A hill giant (shapeshifter) (Vaults:5)
  6 lindwurms
  A tengu zombie (Depths:1)
  3 putrid demonspawn
  10 hill giants
  20 orc knights
  2 lindwurms (shapeshifter)
  An anaconda skeleton (Crypt:1)
  3 shambling mangroves
  5 necromancers
  A manticore (shapeshifter) (Depths:2)
  A torturous demonspawn (Orc:4)
  12 deep elf conjurers
  3 harpies
  19 ironbrand convokers
  A salamander (shapeshifter) (Vaults:1)
  10 cyclopes
  5 griffons
  2 frost giant zombies
  20 moths of wrath
  3 hornets
  8 wolf spiders
  An octopode (shapeshifter) (D:14)
  59 ugly things
  10 wizards
  A guardian serpent (shapeshifter) (Vaults:4)
  2 large abominations
  17 salamanders
  13 orc sorcerers
  2 draconians (shapeshifter)
  3 manticores
  2 centaur zombies
  29 elephants
  A rust devil (Orc:4)
  A water nymph (shapeshifter) (Vaults:5)
  26 black mambas
  19 spiny frogs
  12 naga magi
  A sixfirhy (Zot:4)
  A torpor snail (Lair:7)
  15 guardian serpents
  A gargoyle (D:11)
  13 vault sentinels
  3 centaur skeletons
  2 molten gargoyles (Volcano)
  An anaconda simulacrum (IceCv)
  9 komodo dragons
  A hellwing (Orc:4)
  A yaktaur (shapeshifter) (Depths:2)
  A mottled draconian zombie (Crypt:2)
  A dire elephant skeleton (Crypt:3)
  A fire drake (shapeshifter) (Vaults:5)
  A golden dragon simulacrum (IceCv)
  4 kobold demonologists
  5 guardian mummies (Crypt:3)
  A redback zombie (D:13)
  2 demonic crawlers (Elf:1)
  7 fire drakes
  79 yaktaurs
  An elf (shapeshifter) (Vaults:5)
  A wandering mushroom (Crypt:3)
  A black draconian skeleton (Crypt:3)
  16 freezing wraiths
  10 trolls
  2 tengu conjurers
  7 blue devils
  10 giant leeches
  A harpy zombie (Crypt:3)
  A red devil (Depths:3)
  A two-headed ogre (shapeshifter) (Depths:4)
  18 two-headed ogres
  A queen bee (Lair:3)
  5 fire vortices (Vaults:2)
  A wind drake (Zot:2)
  6 polar bears
  A moth of wrath zombie (Crypt:1)
  A blink frog (shapeshifter) (Depths:4)
  5 jumping spiders
  A hydra zombie (Crypt:3)
  7 bog bodies
  4 deep elf priests
  5 boulder beetles
  30 slime creatures
  A hornet zombie (D:14)
  2 spriggan zombies
  A snapping turtle (Depths:3)
  A stone giant simulacrum (Vaults:1)
  A trapdoor spider zombie (D:10)
  A raiju (shapeshifter) (Vaults:5)
  A small abomination (Depths:2)
  17 ravens
  27 blink frogs
  73 yaks
  A tarantella (shapeshifter) (Depths:1)
  5 trapdoor spiders
  A fire dragon skeleton (Crypt:3)
  5 flying skulls
  3 ynoxinuls
  29 deep elf fighters
  20 redbacks
  9 shadows
  31 deep elf magi
  11 spriggans
  3 air elementals
  11 wraiths
  3 wyverns
  7 basilisks
  2 dire elephant simulacra (IceCv)
  5 tarantellas
  An elf zombie (Depths:2)
  A human (shapeshifter) (Depths:5)
  A fire giant simulacrum (Crypt:3)
  A hippogriff (shapeshifter) (Vaults:3)
  2 hungry ghosts
  A chaos spawn (D:12)
  4 golden eyes (D:2)
  14 wolves
  A steam dragon (Lair:2)
  A neqoxec (Depths:3)
  7 vampires
  13 hippogriffs
  30 vampire mosquitoes
  A basilisk (shapeshifter) (Vaults:4)
  60 nagas
  2 harpy simulacra (IceCv)
  A deep troll zombie (Crypt:1)
  2 wargs
  2 soldier ants
  11 insubstantial wisps
  2 iron troll simulacra (IceCv)
  A monstrous demonspawn zombie (Crypt:2)
  A water nymph zombie (Crypt:1)
  5 mottled dragons
  2 hydra simulacra (IceCv)
  22 porcupines
  A torturous demonspawn skeleton (Crypt:3)
  12 ice beasts
  17 swamp worms
  24 water moccasins
  An eye of draining (shapeshifter) (Vaults:1)
  59 orc warriors
  A black bear (D:9)
  A water nymph skeleton (Crypt:3)
  14 centaurs
  5 phantoms
  6 spiders (Snake:4)
  9 wasps
  13 swamp drakes
  A wasp (shapeshifter) (Depths:2)
  4 sky beasts
  A fire dragon simulacrum (Crypt:3)
  A snapping turtle zombie (Crypt:3)
  3 necrophages
  30 ogres
  A lost soul (Crypt:3)
  11 boggarts
  22 crocodiles
  A brain worm (shapeshifter) (Vaults:5)
  19 giant frogs
  An elf skeleton (Crypt:1)
  8 big kobolds
  A wyvern skeleton (D:11)
  A cyclops skeleton (Crypt:2)
  5 scorpions
  A hippogriff zombie (Crypt:3)
  2 electric eels
  37 killer bees
  3 wights (D:12)
  3 hounds
  16 jellies
  A giant frog zombie (D:12)
  7 crimson imps
  2 quasits
  32 orc priests
  3 giant frog skeletons
  2 iron imps
  12 iguanas
  26 orc wizards
  34 sheep
  8 worker ants
  11 hell rats
  A deep dwarf zombie (Crypt:2)
  A deep dwarf skeleton (Crypt:2)
  A mottled dragon skeleton (Crypt:1)
  7 mummies (Crypt:3)
  2 worker ant zombies (D:6)
  15 adders
  3 gnolls (D:7)
  86 river rats
  A shadow imp (D:12)
  A white imp (D:1)
  2 oozes
  2 adder zombies
  A halfling zombie (Crypt:1)
  4 worms
  3 adder skeletons
  5 giant geckos
  187 orcs
  2 bat zombies
  11 giant cockroaches
  23 goblins
  18 hobgoblins
  11 jackals
  30 kobolds
  7 quokkas
  12 bats
  7 giant newts
  A giant newt zombie (Crypt:2)
  A goblin zombie (Crypt:3)
  A jackal zombie (D:9)
  18 rats
  A river rat skeleton (Crypt:3)
  2 spectral orcs (D:10)
  2 grand avatars (Depths:5)
  4 plants
3007 creatures vanquished.

Vanquished Creatures (collateral kills)
  4 vault wardens
  A vault guard (Vaults:4)
  3 naga warriors
  A salamander stormcaller (Vaults:4)
  An orc high priest (Orc:4)
  An infernal demonspawn (Orc:4)
  A skeletal warrior (Vaults:1)
  A deep troll (Vaults:4)
  A wizard (Vaults:3)
  A harpy (Vaults:4)
  2 orc knights
  3 orc sorcerers (Orc:4)
  A salamander (Snake:3)
  2 naga magi
  A yaktaur (Vaults:3)
  2 yaks (D:9)
  A deep elf fighter (D:11)
  22 nagas
  7 orc warriors
  A water moccasin (D:11)
  An ogre (D:7)
  A killer bee (Lair:3)
  3 orc priests
  A gnoll (D:7)
  5 orcs
  A hobgoblin (D:4)
  A rat (D:9)
70 creatures vanquished.

Vanquished Creatures (others)
  An Orb Guardian (Zot:5)
  A shadow wraith (Vaults:3)
  A deep troll (Vaults:2)
  A skeletal warrior (Crypt:1)
  A smoke demon (Zot:5)
  A blue devil (Zot:5)
  A spriggan skeleton (Depths:1)
  A giant leech (Swamp:3)
  A fire vortex (Vaults:2)
  2 spriggans
  22 dancing weapons
  2 deep elf fighters (Vaults:5)
  A wasp (Swamp:3)
  2 swamp drakes
  5 lost souls
  3 briar patches (Swamp:2)
  A bush (D:9)
  25 fungi
  16 plants
  A singularity (Depths:2)
  9 toadstools (Lair:4)
98 creatures vanquished.

Grand Total: 3175 creatures vanquished

Notes
Turn   | Place    | Note
--------------------------------------------------------------
     0 | D:1      | namelastname112 the Draconian Enchanter began the quest for the Orb.
     0 | D:1      | Reached XP level 1. HP: 14/14 MP: 3/3
   330 | D:1      | Reached XP level 2. HP: 18/20 MP: 5/5
   334 | D:1      | Learned a level 2 spell: Ensorcelled Hibernation
   852 | D:1      | Reached skill level 3 in Stealth
   852 | D:1      | Reached XP level 3. HP: 16/26 MP: 6/6
  1877 | D:2      | Reached XP level 4. HP: 33/33 MP: 7/7
  2807 | D:3      | Reached XP level 5. HP: 25/38 MP: 9/9
  3026 | D:3      | Learned a level 3 spell: Confuse
  3030 | D:3      | Learned a level 3 spell: Tukima's Dance
  3414 | D:4      | Noticed an ogre
  3426 | D:4      | Killed an ogre
  3482 | D:4      | Noticed an ogre
  3549 | D:4      | Killed an ogre
  3549 | D:4      | Reached XP level 6. HP: 29/45 MP: 5/10
  4105 | D:4      | Noticed a sky beast
  4116 | D:4      | Killed a sky beast
  4116 | D:4      | Reached skill level 4 in Stealth
  4120 | D:4      | Gained mutation: You are frail (-10% HP). [mutagenic meat]
  4311 | D:5      | Entered Level 5 of the Dungeon
  4361 | D:5      | Your scales start taking on a dull iron-grey colour.
  4361 | D:5      | Gained mutation: You can survive without breathing. [Grey Draconian growth]
  4361 | D:5      | Reached XP level 7. HP: 21/45 MP: 2/12
  4577 | D:5      | Found a staircase to the Ecumenical Temple.
  4631 | Temple   | Entered the Ecumenical Temple
  4677 | Temple   | Became a worshipper of Gozag Ym Sagoz the Greedy
  5113 | D:5      | Found a shattered altar of Ashenzari.
  5119 | D:5      | Found a radiant altar of Vehumet.
  5119 | D:5      | Found a shadowy altar of Dithmenos.
  5120 | D:5      | Found a sparkling altar of Nemelex Xobeh.
  5233 | D:6      | Reached XP level 8. HP: 51/51 MP: 11/14
  5261 | D:6      | Noticed an unseen horror
  5340 | D:6      | Killed an unseen horror
  5340 | D:6      | Reached skill level 5 in Stealth
  5340 | D:6      | Reached skill level 5 in Hexes
  5836 | D:6      | Reached skill level 5 in Short Blades
  5836 | D:6      | Reached skill level 5 in Dodging
  6282 | D:6      | Found a stormy altar of Qazlal.
  6298 | D:6      | Reached skill level 5 in Spellcasting
  6457 | D:6      | Reached XP level 9. HP: 55/55 MP: 16/16
  6977 | D:7      | Found a stormy altar of Qazlal.
  7008 | D:7      | Found a blossoming altar of Fedhas.
  7084 | D:7      | Reached skill level 6 in Stealth
  7604 | D:8      | Found Ubbir's Elemental Accessories.
  8578 | D:9      | Found a glowing silver altar of Zin.
  8672 | D:9      | Found a staircase to the Lair.
  8912 | D:9      | Reached skill level 7 in Stealth
  8912 | D:9      | Reached XP level 10. HP: 62/62 MP: 19/19
  9406 | D:9      | Found a snail-covered altar of Cheibriados.
  9959 | D:10     | Entered Level 10 of the Dungeon
  9976 | D:10     | Found Jizxam's Antique Weapon Boutique.
  9980 | D:10     | Bought a faintly glowing rapier for 342 gold pieces
  9980 | D:10     | Identified the +5 rapier of Compound Interest {pierce, rC+ Str+4} (You bought it in a shop on level 10 of the Dungeon)
 10248 | D:10     | Found a shadowy altar of Dithmenos.
 10672 | D:11     | Reached skill level 1 in Polearms
 10776 | D:11     | Noticed a manticore
 10779 | D:11     | Killed a manticore
 10779 | D:11     | Reached skill level 1 in Fighting
 10809 | D:11     | Noticed Nergalle
 11002 | D:11     | Reached XP level 11. HP: 34/71 MP: 10/21
 11410 | D:11     | Found a staircase to the Orcish Mines.
 11482 | D:11     | Noticed a spectral orc warlord
 11500 | D:11     | Noticed a spectral orc warlord
 11812 | D:11     | Noticed Fannar
 12144 | Lair:1   | Entered Level 1 of the Lair of Beasts
 12594 | Lair:1   | Reached skill level 5 in Polearms
 12638 | Lair:1   | Noticed a five-headed hydra
 12944 | Lair:1   | Reached skill level 8 in Dodging
 13194 | Lair:1   | Killed a five-headed hydra
 13693 | Lair:2   | Reached skill level 5 in Fighting
 14322 | Lair:2   | Reached XP level 12. HP: 21/84 MP: 2/22
 15106 | Lair:3   | Found a dark tunnel.
 15115 | Volcano  | Entered a volcano
 15285 | Volcano  | Found a bloodstained altar of Trog.
 15876 | Lair:3   | Reached skill level 9 in Dodging
 16703 | Lair:4   | Found a labyrinth entrance.
 16739 | Lab      | Entered a labyrinth
 17319 | Lab      | Noticed a minotaur
 17334 | Lab      | Killed a minotaur
 17346 | Lab      | Identified a +8 rod of ignition (11/11) (You took it off a minotaur in a labyrinth)
 17727 | Lair:4   | Noticed a five-headed hydra
 17754 | Lair:4   | Killed a five-headed hydra
 17903 | Lair:4   | Found a hole to the Spider Nest.
 18328 | Lair:4   | Noticed a dire elephant
 18380 | Lair:4   | Learned a level 3 spell: Dazzling Spray
 18448 | Lair:4   | Killed a dire elephant
 18448 | Lair:4   | Reached skill level 10 in Polearms
 18508 | Lair:4   | Reached XP level 13. HP: 77/94 MP: 23/23
 19849 | Lair:5   | Reached skill level 10 in Dodging
 20461 | Lair:5   | Gained mutation: Your tail ends in a poisonous barb. [potion of mutation]
 20461 | Lair:5   | Gained mutation: You occasionally shout uncontrollably at your foes. [potion of mutation]
 20461 | Lair:5   | Gained mutation: You have sharp toenails. [potion of mutation]
 20768 | Lair:5   | Reached skill level 11 in Polearms
 20779 | Lair:5   | HP: 2/96 [death yak (19)]
 22195 | D:10     | Bought the +8 lance "Wyrmbane" {slay drac, +Rage rPois rF+ AC+5} for 3256 gold pieces
 22531 | Lair:5   | Reached skill level 1 in Shields
 23258 | Lair:6   | Found a staircase to the Slime Pits.
 23369 | Lair:6   | Reached skill level 12 in Polearms
 23971 | Lair:5   | Reached XP level 14. HP: 22/106 MP: 23/24
 24478 | Lair:6   | Found a staircase to the Swamp.
 24904 | Lair:6   | Found a staircase to the Snake Pit.
 26279 | Lair:7   | Reached skill level 10 in Fighting
 26655 | Lair:7   | Reached skill level 13 in Polearms
 27259 | Lair:7   | Reached skill level 5 in Shields
 27594 | Lair:8   | Entered Level 8 of the Lair of Beasts
 29961 | Lair:8   | Reached XP level 15. HP: 110/115 MP: 25/25
 30821 | Lair:8   | Reached skill level 14 in Polearms
 31312 | D:10     | Noticed a hill giant
 31492 | D:10     | Killed a hill giant
 31506 | D:10     | Killed Nergalle
 31633 | D:11     | Killed Fannar
 31681 | D:11     | Noticed a red ugly thing
 31690 | D:11     | Killed a red ugly thing
 32193 | Orc:1    | Entered Level 1 of the Orcish Mines
 32621 | Orc:3    | Found a roughly hewn altar of Beogh.
 33070 | Orc:2    | Noticed Snorg
 33085 | Orc:2    | Killed Snorg
 33502 | Orc:1    | Found a roughly hewn altar of Beogh.
 34116 | Orc:4    | Entered Level 4 of the Orcish Mines
 34398 | Orc:4    | Found Geme's Food Boutique.
 34534 | Orc:4    | Found Zotsuor's General Store.
 34796 | Orc:4    | Noticed Raurakos's ghost (powerful VSMo)
 34810 | Orc:4    | Killed Raurakos's ghost
 34967 | Orc:4    | Found a staircase to the Elven Halls.
 36403 | Orc:4    | Reached skill level 15 in Polearms
 36481 | Orc:4    | Found Paimo's Antique Armour Shoppe.
 36481 | Orc:4    | Found Qere's Book Emporium.
 36482 | Orc:4    | Found a one-way gate leading to the halls of Pandemonium.
 38042 | D:13     | Found Gaxzey's Assorted Antiques.
 38050 | D:13     | Bought a transparent cloak for 332 gold pieces
 38060 | D:13     | Identified the +0 cloak of the Cricket {rC+} (You bought it in a shop on level 13 of the Dungeon)
 38128 | D:13     | Reached XP level 16. HP: 103/125 MP: 16/26
 38178 | D:13     | Found an opulent altar of Gozag.
 39015 | D:14     | Found Oduot's Armour Boutique.
 39186 | D:14     | Found Ratanyc's Antique Armour Boutique.
 39328 | D:14     | Bought a scorched hat for 153 gold pieces
 39333 | D:14     | Identified the cursed +0 hat of Eternal Night {MP-9 Str+8 Int+3 Slay+3} (You bought it in a shop on level 14 of the Dungeon)
 39493 | D:14     | Found a gate to the Vaults.
 39696 | D:14     | Noticed Louise
 39718 | D:14     | Killed Louise
 40090 | D:15     | Entered Level 15 of the Dungeon
 40108 | D:15     | Paralysed by an orc sorcerer for 6 turns
 40259 | D:15     | Found a staircase to the Depths.
 40324 | D:15     | Reached skill level 16 in Polearms
 40478 | D:15     | Found Bogg's Food Boutique.
 40489 | D:15     | Noticed Agnes
 40518 | D:15     | Killed Agnes
 40665 | D:15     | Found Paesm's Magic Scroll Shoppe.
 40678 | D:15     | Found Rapouff's Antique Armour Boutique.
 40686 | D:15     | Bought a pair of glowing gloves for 148 gold pieces
 40776 | D:15     | Found Caumyit's Antique Armour Shoppe.
 41065 | D:15     | Found Yzuanydgh's Food Emporium.
 41077 | D:15     | Found Nociv's Book Boutique.
 41597 | Swamp:1  | Entered Level 1 of the Swamp
 43689 | Swamp:4  | Entered Level 4 of the Swamp
 43716 | Swamp:4  | Found a frozen archway.
 43725 | IceCv    | Entered an ice cave
 43791 | IceCv    | Reached XP level 17. HP: 131/135 MP: 18/27
 44025 | IceCv    | Noticed an Ice Fiend
 44099 | IceCv    | Killed an Ice Fiend
 44319 | IceCv    | Lost mutation: You have sharp toenails. [potion of cure mutation]
 44319 | IceCv    | Lost mutation: You are frail (-10% HP). [potion of cure mutation]
 44319 | IceCv    | Lost mutation: Your tail ends in a poisonous barb. [potion of cure mutation]
 44319 | IceCv    | Lost mutation: You occasionally shout uncontrollably at your foes. [potion of cure mutation]
 44801 | Swamp:3  | Reached skill level 17 in Polearms
 45241 | Swamp:4  | Reached skill level 10 in Shields
 45696 | Swamp:4  | Got a decaying rune of Zot
 46629 | Snake:1  | Entered Level 1 of the Snake Pit
 47651 | Snake:2  | Noticed Aizul
 47676 | Snake:2  | Killed Aizul
 48188 | Snake:2  | Reached XP level 18. HP: 142/161 MP: 14/28
 48339 | Snake:2  | Got a smoking scimitar
 48792 | Snake:2  | Reached skill level 18 in Polearms
 48941 | Snake:3  | Noticed JetFlynn's ghost (powerful DDFi)
 48975 | Snake:3  | Killed JetFlynn's ghost
 49376 | Snake:3  | Reached skill level 15 in Fighting
 49980 | Snake:3  | Noticed Vashnia
 50002 | Snake:3  | Killed Vashnia
 50575 | Snake:4  | Entered Level 4 of the Snake Pit
 51950 | Snake:4  | Reached XP level 19. HP: 172/172 MP: 18/29
 52143 | Snake:4  | Got a serpentine rune of Zot
 52642 | Snake:4  | Noticed Asterion
 52655 | Snake:4  | Killed Asterion
 53591 | Vaults:1 | Entered Level 1 of the Vaults
 53607 | Vaults:1 | Found Pequc's Jewellery Emporium.
 53644 | Vaults:1 | Reached skill level 15 in Dodging
 54337 | Vaults:1 | Reached skill level 19 in Polearms
 54629 | Vaults:1 | Found Xokaschoz's Gadget Emporium.
 55631 | Vaults:2 | Found Ablouh's Antique Armour Boutique.
 55652 | Vaults:2 | Bought a pair of jewelled boots for 351 gold pieces
 55662 | Vaults:2 | Identified the +2 pair of boots of the Lonely Stars {rN+ MP+9} (You bought it in a shop on level 2 of the Vaults)
 56196 | Vaults:2 | Found a staircase to the Crypt.
 56298 | Vaults:2 | Reached XP level 20. HP: 140/183 MP: 27/30
 56465 | Vaults:2 | Found Xogaopn's General Store.
 58425 | Vaults:3 | Found a staircase to the Crypt.
 58425 | Vaults:3 | Found a basalt altar of Yredelemnul.
 58426 | Vaults:3 | Found an ancient bone altar of Kikubaaqudgha.
 58467 | Vaults:3 | Noticed Xtahua
 58473 | Vaults:3 | Killed Xtahua
 58824 | Vaults:3 | Found Ziure's Assorted Antiques.
 59313 | Vaults:4 | Found a radiant altar of Vehumet.
 59334 | Vaults:4 | Got a fine hat
 59355 | Vaults:4 | Got a spiked hat
 59374 | Vaults:4 | Identified the cursed +0 hat of Okawaru's Supremacy {rElec rC- Int+2} (You found it on level 4 of the Vaults)
 59375 | Vaults:4 | Identified the +2 hat of Nemelex Xobeh's Hatred {Int+3} (You found it on level 4 of the Vaults)
 59431 | Vaults:4 | Reached skill level 20 in Polearms
 59523 | Vaults:4 | Found Keotokka's Assorted Antiques.
 59604 | Vaults:4 | Bought a scintillating pewter ring for 210 gold pieces
 59647 | Vaults:4 | Identified the +6 scimitar "Kebrioh" {flame, rC+ Dex+5} (You took it off a naga on level 2 of the Snake Pit)
 59649 | Vaults:4 | Identified the ring "Weclidism" {rN+ MR+} (You bought it in a shop on level 4 of the Vaults)
 59679 | Vaults:4 | Reached XP level 21. HP: 193/193 MP: 31/31
 60804 | Orc:4    | Reached skill level 15 in Shields
 60823 | Elf:1    | Entered Level 1 of the Elven Halls
 61260 | Elf:1    | Noticed Frances
 61297 | Elf:1    | Killed Frances
 62166 | Elf:2    | Found Vead's Assorted Antiques.
 62177 | Elf:2    | Bought a scroll labeled OLORPH XUMN for 37 gold pieces
 62400 | Elf:2    | Found a huge runed gate.
 62400 | Elf:2    | Found a huge runed gate.
 62400 | Elf:2    | Found a huge runed gate.
 62400 | Elf:2    | Found a huge runed gate.
 62401 | Elf:2    | Found a huge runed gate.
 62628 | Elf:3    | Entered Level 3 of the Elven Halls
 64284 | Elf:3    | Identified the Reference Book on the Glacier and the Voyage
 64288 | Elf:3    | Learned a level 1 spell: Apportation
 64557 | Elf:3    | Identified Affuoj's Grimoire of Flamy Confrontation (You found it on level 3 of the Elven Halls)
 64577 | Elf:3    | Got a coiled marble ring
 64664 | Elf:3    | Got a crude amber ring
 64665 | Elf:3    | Identified the ring "Tuetiv" {SustAb Int+6} (You took it off a deep elf death mage on level 3 of the Elven Halls)
 64666 | Elf:3    | Identified the ring of Topuh {SustAb rC+ MR- Int+4 SInv} (You took it off a deep elf death mage on level 3 of the Elven Halls)
 65379 | D:15     | Bought a fruit for 15 gold pieces
 65379 | D:15     | Bought a bread ration for 50 gold pieces
 65379 | D:15     | Bought a slice of pizza for 15 gold pieces
 65379 | D:15     | Bought 4 fruits for 60 gold pieces
 65379 | D:15     | Bought a bread ration for 50 gold pieces
 65379 | D:15     | Bought a slice of pizza for 15 gold pieces
 65379 | D:15     | Bought a meat ration for 50 gold pieces
 65379 | D:15     | Bought a beef jerky for 15 gold pieces
 65379 | D:15     | Bought a bread ration for 50 gold pieces
 65379 | D:15     | Bought a bread ration for 50 gold pieces
 65379 | D:15     | Bought a bread ration for 50 gold pieces
 65417 | Depths:1 | Entered Level 1 of the Depths
 65504 | Depths:1 | Found Buhighim's Antique Armour Emporium.
 65574 | Depths:1 | Found a bloodstained altar of Trog.
 65786 | Depths:1 | Reached XP level 22. HP: 204/204 MP: 32/32
 66259 | Depths:1 | Found a gateway to Hell.
 66416 | Depths:1 | Found a one-way gate to the infinite horrors of the Abyss.
 66841 | Depths:2 | Found Kavimiaf's Armour Boutique.
 67166 | Depths:2 | Reached skill level 21 in Polearms
 68373 | Depths:3 | Found a gateway to a ziggurat.
 69096 | Depths:3 | Reached XP level 23. HP: 215/215 MP: 33/33
 69371 | Depths:3 | Got a warped pewter ring
 69558 | Depths:3 | Identified the Incunabulum of Lightness (You found it on level 3 of the Depths)
 69641 | Depths:3 | Identified the ring "Ocokhlof" {+Inv rC+ Str+5 Int+2} (You took it off a balrug on level 3 of the Depths)
 69882 | Depths:3 | Bought a pair of glowing boots for 139 gold pieces
 69882 | Depths:3 | Bought a dazzling cloak for 294 gold pieces
 69918 | Depths:3 | Identified the +1 cloak of Agoraphobia {Int+4} (You bought it in a shop on level 3 of the Depths)
 69992 | Depths:4 | Found Fecviuv's Assorted Antiques.
 70271 | Depths:4 | Got a pair of ichor-stained boots
 70282 | Depths:4 | Identified the -5 pair of boots of Fedhas's Condemnation {Str-4 Int+4} (You acquired it on level 4 of the Depths)
 70363 | Depths:4 | Noticed the Enchantress
 70400 | Depths:4 | Killed the Enchantress
 71232 | Depths:5 | Entered Level 5 of the Depths
 71433 | Depths:5 | Noticed Margery
 71457 | Depths:5 | Killed Margery
 71853 | Depths:5 | Reached skill level 22 in Polearms
 71860 | Depths:5 | Found a gate to the Realm of Zot.
 72066 | Depths:5 | Found Wegh's Antique Armour Boutique.
 72171 | Depths:5 | Reached XP level 24. HP: 144/226 MP: 33/33
 72377 | Depths:5 | Bought a brightly glowing cloak for 427 gold pieces
 72381 | Depths:5 | Identified the +2 cloak "Pozuox" {rElec Int+4 Dex+2} (You bought it in a shop on level 5 of the Depths)
 72988 | Vaults:5 | Entered Level 5 of the Vaults
 73456 | Vaults:5 | Noticed an ancient lich
 73486 | Vaults:5 | Killed an ancient lich
 74113 | Vaults:5 | Noticed an ancient lich
 74615 | Vaults:5 | Reached XP level 25. HP: 218/237 MP: 33/33
 74663 | Vaults:5 | Gained mutation: You have sharp toenails. [a neqoxec]
 74779 | Vaults:5 | Got a slimy garnet amulet
 74828 | Vaults:5 | Got a silver rune of Zot
 74834 | Vaults:5 | Identified the Catalogue of Quantum Black Secrets
 74837 | Vaults:5 | Got a pair of pitted gloves
 74848 | Vaults:5 | Identified the cursed +0 pair of gloves of the Harp {rPois Regen+ MP+9} (You found it on level 5 of the Vaults)
 74993 | Vaults:5 | Killed an ancient lich
 75066 | Vaults:5 | Identified the amulet "Leacvil" {rMut MP+9 Int+3 Slay+3} (You took it off an orc knight on level 5 of the Vaults)
 75085 | Vaults:5 | Reached skill level 23 in Polearms
 75085 | Vaults:5 | Reached XP level 26. HP: 244/246 MP: 33/33
 75595 | Vaults:5 | Learned a level 5 spell: Lee's Rapid Deconstruction
 75598 | Vaults:5 | Learned a level 2 spell: Stoneskin
 75649 | Vaults:5 | Learned a level 6 spell: Statue Form
 76159 | Crypt:1  | Entered Level 1 of the Crypt
 76348 | Crypt:1  | Got a pair of crude boots
 76378 | Crypt:1  | Identified the +2 pair of boots of the Hidden Gods {MP+9 Dex+5} (You found it on level 1 of the Crypt)
 76419 | Crypt:1  | Noticed Donald
 76429 | Crypt:1  | Killed Donald
 76651 | Crypt:1  | Noticed Boris
 76690 | Crypt:1  | Killed Boris
 77228 | Crypt:2  | Noticed nubinia's ghost (mighty DEEn)
 77250 | Crypt:2  | Killed nubinia's ghost
 77879 | Crypt:3  | Entered Level 3 of the Crypt
 78369 | Crypt:3  | Got a crude lapis lazuli ring
 78509 | Crypt:3  | Found a basalt altar of Yredelemnul.
 78685 | Crypt:3  | Found an ancient bone altar of Kikubaaqudgha.
 78921 | Crypt:3  | Got a heavily runed lead ring
 78923 | Crypt:3  | Identified the ring of Utzodirr {+Fly rN+ Str+4} (You found it on level 3 of the Crypt)
 78924 | Crypt:3  | Identified the ring "Naruigi" {rElec rPois rN+ Dex-3 Slay+3} (You took it off a vampire on level 3 of the Crypt)
 78933 | Crypt:3  | Got an ancient amber ring
 78934 | Crypt:3  | Identified the ring "Istrer Ifudgh" {+Fly rPois rF+ rN+} (You found it on level 3 of the Crypt)
 78965 | Crypt:3  | Identified the Disquisition on the Arsonist
 79113 | Crypt:3  | Noticed Mennas
 79133 | Crypt:3  | Killed Mennas
 79459 | Crypt:3  | Found a staircase to the Tomb.
 79552 | Crypt:3  | Reached XP level 27. HP: 256/256 MP: 33/33
 80264 | Zot:1    | Entered Level 1 of the Realm of Zot
 80508 | Zot:1    | Bought a potion of heal wounds for 70 gold pieces
 81576 | Zot:2    | Reached skill level 24 in Polearms
 83669 | Zot:5    | Entered Level 5 of the Realm of Zot
 84171 | Zot:5    | Noticed an ancient lich
 84179 | Zot:5    | Killed an ancient lich
 84282 | Zot:5    | Noticed an ancient lich
 84283 | Zot:5    | Noticed an orb of fire
 84301 | Zot:5    | Killed an orb of fire
 84309 | Zot:5    | Killed an ancient lich
 84318 | Zot:5    | Noticed an orb of fire
 84318 | Zot:5    | Noticed an orb of fire
 84319 | Zot:5    | Noticed an orb of fire
 84423 | Zot:5    | Noticed an ancient lich
 84448 | Zot:5    | Killed an ancient lich
 84480 | Zot:5    | Noticed an orb of fire
 84492 | Zot:5    | Noticed an orb of fire
 84503 | Zot:5    | Killed an orb of fire
 84513 | Zot:5    | Killed an orb of fire
 84513 | Zot:5    | Reached skill level 25 in Polearms
 84526 | Zot:5    | Noticed an ancient lich
 84547 | Zot:5    | Killed an ancient lich
 84730 | Zot:5    | Noticed an orb of fire
 84753 | Zot:5    | Gained mutation: Your magical capacity is low (-10% MP). [an orb of fire]
 84754 | Zot:5    | Killed an orb of fire
 84773 | Zot:5    | Killed an orb of fire
 84794 | Zot:5    | Killed an orb of fire
 84834 | Zot:5    | Killed an orb of fire
 84973 | Zot:5    | Noticed an orb of fire
 84993 | Zot:5    | Killed an orb of fire
 85496 | Zot:5    | Got the Orb of Zot
 85514 | Zot:5    | Noticed Neafeate the pandemonium lord
 85614 | Zot:2    | Noticed Eted the pandemonium lord
 85868 | Depths:5 | Noticed Gaphed the pandemonium lord
 85954 | Depths:2 | Noticed Marir the pandemonium lord
 86369 | D:4      | Noticed Qexeckun the pandemonium lord
 86371 | D:4      | Paralysed by Qexeckun for 3 turns
 86505 | D:$      | Escaped with the Orb!

Vault maps used:
D:1:      onia_arrival_larder, minmay_misc_feat_rows, minmay_liquid_box
D:2:      grunt_ministairs_15
D:5:      minitemple, temple_statues, first_bread, minmay_misc_feat_cross
D:6:      grunt_qazlal_clouds
D:7:      grunt_temple_overflow_forces_of_nature
D:8:      grunt_pizzeria, nicolae_elemental_shop
D:9:      nicolae_overflow_hidden_temple, minmay_lair_entry_grove,
          cheibriados_altar_1
D:10:     nicolae_dithmenos_the_darkroom
D:11:     orc_0_dummy, elves_outpost_lemuel, uniq_fannar, uniq_nergalle
D:13:     basic_altar
D:14:     david_vaults_5, serial_shops, shop, kennysheep_generic_room_8,
          uniq_louise
D:15:     hangedman_depths_entry_civil_slaughter, kennysheep_doodads,
          serial_shops, shop, shop, shop, nicolae_shop_behind_doors,
          shop_fountains, uniq_agnes
Temple:   circular_temple_12
Lair:2:   beast_lair_carwin_6
Lair:3:   enter_volcano_2, lemuel_fruit_tree
Lair:4:   gammafunk_lair_enchanted_lake, spider_nest_entry_webs,
          lab_entry_generic, serial_bayou_ford_a, roderic_lost_polar_bear
Lair:5:   beast_lair_carwin_4, grunt_megastairs_1
Lair:6:   beast_lair_carwin_large_4, minmay_swamp_entry_swarm,
          minmay_snake_entry_guardpost_small, minmay_slime_entry_jelly_boxes,
          st_stairs_10, serial_bayou_shore_b
Lair:7:   beast_lair_carwin_large_3, st_stairs_4,
          grunt_forest_large_clearing_hut
Lair:8:   due_jungle_book, serial_bayou_pond_e, serial_bayou_shore_a
Swamp:1:  evilmike_swamp_ruin_rubble_1, swamp_pool1
Swamp:2:  serial_swamp_ruin, evilmike_swamp_ruin_house_6,
          evilmike_swamp_ruin_house_2, evilmike_swamp_ruin_house_4
Swamp:3:  evilmike_swamp_ruin_rubble_2
Swamp:4:  swamp_alternative, portal_ice_cave_entry_pillars_02
Snake:2:  hangedman_snake_sidewinding, uniq_aizul
Snake:3:  uniq_vashnia
Snake:4:  grunt_snake_rune_pools, grunt_ministairs_5, spider_trap, uniq_asterion
Orc:1:    basic_altar, mines3_lemuel
Orc:2:    uniq_snorg
Orc:3:    nicolae_orc_pool_cavern, mines1_david
Orc:4:    pf_orc_diabolical, elf_legates
Elf:1:    minmay_elf_arrival_plus, orc_legates, uniq_frances
Elf:2:    serial_shops, shop
Elf:3:    minmay_elf_hall, grunt_ministairs_9
Vaults:1: nicolae_vaults_asterisk, vaults_mumra_minichess,
          grunt_vaults_hallway_long, vaults_dpeg_hooks, hangedman_vaults_stream,
          nicolae_vaults_ring_of_whatevers, vaults_mumra_hexcomb,
          vaults_room_pool, v_misc_4, hangedman_vaults_restitches, serial_shops,
          shop_fountains
Vaults:2: vaults_room_ringed_pool, v_misc_30, ontoclasm_vaults_bender,
          minmay_crypt_entry_simple_walls, v_misc_22, dpeg_vaults_monster_box,
          ontoclasm_vaults_tryst, nicolae_vaults_big_angled_halls, v_misc_1,
          hangedman_vaults_slice, hangedman_vaults_restitches,
          nicolae_vaults_theta, serial_shops, nicolae_shop_behind_doors
Vaults:3: vaults_standard_mumra_lines, v_misc_9, grunt_vaults_hallway_short,
          vaults_mumra_bighexcomb, nicolae_vaults_theta,
          minmay_crypt_entry_necro_gods, uniq_xtahua
Vaults:4: ontoclasm_vaults_decontamination, grunt_tower_of_power,
          nicolae_vaults_what_the_h, nicolae_vaults_little_squares_1,
          v_alt_pattern_2, hangedman_vaults_locks, hangedman_vaults_variations,
          hangedman_vaults_cutoff, hangedman_vaults_pinch, vaults_room_hallway,
          v_misc_23, serial_shops, nicolae_shop_overgrown_old_shop
Crypt:1:  moated_statue, uniq_boris, uniq_donald
Crypt:2:  nicolae_crypt_niches
Crypt:3:  lightli_unholy_cathedral, nicolae_tomb_entry_grand_gallery,
          uniq_mennas
Depths:1: abyss_entry_small_statue_room, hell_entry, grunt_ministairs_15,
          evilmike_spriggan_trog_shrine
Depths:2: minmay_bad_star, grunt_hell_entry_dis_mu, hangedman_abyss_entry_splay,
          infiniplex_staircase_river
Depths:3: hangedman_pleasuredromes, pan_entry, serial_shops, abyss_entry,
          hell_entry
Depths:4: minmay_smoke_and_mirrors, abyss_entry, grunt_decor_fettered,
          hell_entry, firewood_loft, roderic_lattice_octagonal_star,
          uniq_enchantress
Depths:5: grunt_zot_entry_hairpin, hell_entry, uniq_margery
Zot:2:    lemuel_draconian_sentries_small
Zot:3:    st_small_dragon_hoard_5
Lab:      labyrinth_watery
IceCv:    ice_cave_tombish
Volcano:  volcano_lake

Action                   |  1- 3 |  4- 6 |  7- 9 | 10-12 | 13-15 | 16-18 | 19-21 | 22-24 | 25-27 || total
-------------------------+-------+-------+-------+-------+-------+-------+-------+-------+-------++-------
Melee: Dagger            |    46 |    29 |   338 |    68 |       |       |       |       |       ||   481
       Whip              |    94 |   126 |    48 |     5 |       |       |       |       |       ||   273
       Rapier            |       |       |       |   528 |   235 |       |       |       |       ||   763
       Lance             |       |       |       |       |  2771 |  2545 |  2761 |  2449 |  2363 || 12889
       Glaive            |       |       |       |       |    50 |       |       |       |       ||    50
 Cast: Ensorcelled Hiber |     9 |    18 |    87 |   257 |    39 |       |       |       |       ||   410
       Confuse           |       |     7 |    21 |   116 |    73 |    15 |       |       |       ||   232
       Tukima's Dance    |       |     4 |     7 |    18 |    15 |    52 |    37 |     5 |       ||   138
       Corona            |       |     5 |    10 |     2 |       |     3 |     3 |       |       ||    23
       Dazzling Spray    |       |       |       |     4 |    54 |       |       |       |       ||    58
Invok: Call Merchant     |       |       |     1 |       |     4 |     2 |     3 |     4 |     2 ||    16
 Abil: Evoke Berserk Rag |       |       |       |       |     5 |     1 |       |       |       ||     6
       Evoke Flight      |       |       |       |       |       |     1 |       |       |       ||     1
Evoke: Wand              |       |       |       |     2 |     5 |     5 |     4 |     8 |    11 ||    35
       Sack of spiders   |       |       |       |       |     2 |       |       |       |       ||     2
       Rod               |       |       |       |       |     1 |       |       |       |       ||     1
  Use: Scroll            |       |     3 |    12 |    10 |    18 |    11 |    10 |    10 |    15 ||    89
       Potion            |       |       |     4 |       |     5 |     8 |     1 |     2 |     8 ||    28
 Stab: Sleeping          |    11 |     8 |    53 |   133 |    33 |    18 |    16 |    10 |    25 ||   307
       Confused          |       |     4 |    10 |    40 |    28 |     7 |       |       |       ||    89
       Distracted        |       |       |       |     5 |    36 |    39 |    48 |    34 |    36 ||   198
       Invisible         |       |       |       |     3 |    16 |       |       |       |       ||    19
       Fleeing           |       |       |       |     1 |       |       |       |     1 |       ||     2
       Petrified         |       |       |       |       |     7 |       |       |       |       ||     7
  Eat: Chunk             |     3 |    10 |     3 |       |       |       |       |       |       ||    16
       Meat ration       |       |       |     2 |     1 |     4 |     4 |     4 |     4 |     5 ||    24
       Bread ration      |       |       |     2 |     4 |     3 |     5 |     7 |     4 |       ||    25
       Pizza             |       |       |       |     5 |     2 |     4 |       |     3 |     3 ||    17
       Beef jerky        |       |       |       |     2 |       |     4 |     2 |     2 |     1 ||    11
       Royal jelly       |       |       |       |       |    20 |     2 |     1 |       |     3 ||    26
